Map: Dusk Towers

Players

Varest

  • Race: Terran Terran

A.I. 1 (Very Easy) - Winner!

  • Race: Zerg Zerg

VOD

Have the link to the VOD?

Description

Time

  • Played on: Dec. 8, 2015, 4:17 p.m.
  • Length: 9:44
Show
View Real Time Build Order
Export as new Build Order

Varest Terran 

Build Orders: MMM Bio 

Get SALT Encoding   

  12  0:01  SCV  
  13  0:13  SCV  
  14  0:19  Supply Depot  
  14  0:25  SCV  
  15  0:41  SCV  
  16  0:42  Barracks  
  16  0:48  Refinery  
  16  0:53  SCV  
  17  1:05  SCV  
  18  1:17  SCV  
  19  1:31  Orbital Command  
  20  1:32  Reaper  
  20  1:43  Command Center  
  20  1:49  Refinery  
  20  1:58  Supply Depot, SCV  
  21  2:04  Marine  
  22  2:10  SCV  
  23  2:22  SCV  
  24  2:24  Factory  
  24  2:33  Barracks Reactor  
  24  2:34  SCV  
  25  2:46  SCV  
  26  2:54  Orbital Command  
  26  2:59  SCV  
  27  3:09  Starport  
  27  3:11  SCV, Factory Tech Lab, Marine x2  
  30  3:21  SCV  
  30  3:23  SCV  
  32  3:30  Marine x2  
  32  3:31  Siege Tank  
  32  3:33  SCV  
  38  3:35  SCV  
  38  3:39  Supply Depot  
  39  3:45  SCV  
  39  3:46  Starport Tech Lab  
  39  3:47  SCV, Marine  
  39  3:48  Marine  
  43  3:57  Supply Depot, SCV  
  43  3:59  SCV  
  43  4:02  Supply Depot  
  45  4:04  Siege Tank  
  45  4:05  Marine x2  
  45  4:08  Banshee  
  54  4:10  SCV  
  54  4:13  Cloaking Field  
  54  4:18  SCV  
  54  4:19  Refinery  
  54  4:20  Refinery  
  54  4:22  SCV  
  54  4:23  Marine x2  
  58  4:30  SCV  
  59  4:34  SCV  
  59  4:37  Siege Tank  
  63  4:41  Marine x2  
  63  4:42  SCV  
  66  4:46  SCV  
  67  4:54  Supply Depot, SCV  
  67  4:55  Supply Depot  
  67  4:58  Supply Depot  
  67  4:59  SCV, Marine  
  70  5:13  Banshee, SCV, Marine  
  75  5:20  Engineering Bay  
  75  5:23  Engineering Bay  
  75  5:33  Command Center  
  75  5:37  Marine x2  
  75  5:38  Barracks  
  75  5:39  Barracks  
  77  5:53  Liberator x2  
  77  6:02  Terran Infantry Weapons Level 1  
  77  6:03  Terran Infantry Armor Level 1  
  83  6:12  Marine  
  83  6:14  Stimpack  
  84  6:23  Supply Depot  
  84  6:24  Supply Depot  
  84  6:27  Combat Shields  
  84  6:29  Marine  
  84  6:30  Barracks Reactor, Marine  
  86  6:35  Barracks  
  86  6:36  Barracks  
  86  6:40  SCV x2  
  86  6:46  Marine  
  89  6:48  Marine  
  89  6:52  SCV  
  89  6:53  Medivac x2  
  96  7:04  SCV  
  96  7:05  Marauder  
  96  7:06  Marauder  
  96  7:08  Orbital Command  
  101  7:12  Liberator x2  
  101  7:14  SCV, Marine x2  
  103  7:17  SCV  
  104  7:26  Supply Depot, Marauder, SCV  
  104  7:27  Supply Depot  
  104  7:28  Marauder  
  104  7:29  SCV  
  116  7:32  Marine x2  
  116  7:33  Barracks Reactor x2  
  118  7:38  SCV x2  
  118  7:41  SCV  
  121  7:46  Concussive Shells  
  121  7:48  Marauder  
  121  7:49  Marine x2, Marauder  
  121  7:50  SCV x2  
  129  7:53  SCV  
  130  8:01  Liberator  
  130  8:02  SCV x2, Refinery  
  130  8:04  Refinery  
  130  8:05  SCV  
  133  8:07  Supply Depot, Marine x2  
  133  8:09  Supply Depot, Marauder  
  133  8:11  Marauder  
  139  8:14  SCV x2  
  139  8:16  Armory  
  139  8:17  SCV  
  139  8:18  Medivac  
  147  8:22  Marine x2  
  149  8:28  SCV x2, Marine x4  
  149  8:30  Marauder  
  149  8:31  Supply Depot x2  
  149  8:32  Marauder  
  159  8:41  Marine x2  
  159  8:44  Liberator  
  159  8:46  Marine x4  
  165  8:52  Medivac  
  165  8:53  Marauder x2  
  171  8:57  Supply Depot  
  171  8:58  Supply Depot  
  171  8:59  Marine x2  
  176  9:04  Marine x3  
  176  9:06  Marine  
  180  9:12  Supply Depot x2  
  180  9:16  Marine  
  180  9:18  Marine  
  180  9:19  Marauder x2  
  180  9:22  Marine x3  
Show
View Real Time Build Order
Export as new Build Order

A.I. 1 (Very Easy) Zerg - Winner!

Build Orders: Hatch First 

Get SALT Encoding   

  12  0:01  Drone  
  13  0:12  Overlord  
  13  0:17  Drone  
  14  0:42  Hatchery  
  13  0:45  Drone  
  14  1:03  Spawning Pool  
  13  1:05  Extractor  
  13  1:07  Drone  
  13  1:14  Drone  
  14  1:19  Overlord  
  14  1:49  Zergling x2  
  14  1:50  Queen  
  14  1:52  Zergling x2  
  18  1:58  Roach Warren  
  17  2:03  Drone  
  17  2:07  Extractor  
  17  2:12  Drone  
  18  2:17  Zergling x2  
  18  2:22  Drone  
  20  2:29  Drone  
  21  2:36  Drone  
  22  2:43  Drone  
  23  2:50  Drone  
  24  2:58  Drone  
  25  3:02  Roach  
  25  3:05  Drone  
  28  3:13  Overlord  
  28  3:17  Drone  
  29  3:24  Drone  
  29  3:32  Drone  
  30  3:39  Drone  
  31  3:46  Drone  
  34  3:48  Roach  
  34  3:49  Overlord  
  34  3:53  Drone  
  35  3:57  Lair  
  35  4:00  Drone  
  36  4:08  Drone  
  37  4:15  Drone  
  38  4:22  Drone  
  39  4:29  Drone  
  40  4:34  Roach  
  40  4:37  Drone  
  43  4:38  Overlord  
  43  4:44  Drone  
  44  4:51  Drone  
  45  4:56  Overseer  
  45  4:57  Overseer  
  45  4:58  Drone  
  46  5:05  Drone  
  46  5:06  Extractor  
  46  5:11  Extractor  
  46  5:12  Drone  
  46  5:20  Drone, Roach  
  49  5:27  Drone  
  50  5:34  Drone  
  51  5:41  Drone  
Tags
 
Composition
MMM Bio
Matchup
TvZ
Add a new tag
Caveats
  • Supply blocks, unpowered buildings, or Contaminate may cause inaccurate times.
  • Supply counts are checked every 10 seconds.